 Dungeon Crawl Stone Soup version 0.18-a0-1626-g65af6d3 (webtiles) character file.

9 M4edhros the Stinger (level 2, -2/17 HPs)
             Began as an Octopode Wanderer on Mar 24, 2016.
             Slain by a goblin
             ... wielding a +2 dagger of venom
              (4 damage)
             ... on level 1 of the Dungeon.
             The game lasted 00:01:07 (442 turns).

M4edhros the Stinger (Octopode Wanderer)             Turns: 442, Time: 00:01:09

Health: -2/17      AC:  1    Str: 11 (12) XL:     2   Next: 16%
Magic:  5/5        EV: 11    Int: 16 (17) God:
Gold:   75         SH:  0    Dex:  6 (7)  Spells: 1 memorised, 4 levels left

rFire  . . .     SeeInvis .     (no weapon)
rCold  . . .     Gourm    .     (no shield)
rNeg   . . .     Faith    .     (helmet restricted)
rPois  .         Spirit   .     (no amulet)
rElec  .         Dismiss  .     (no ring)
rCorr  .         Reflect  .     (no ring)
SustAt .         Harm     .     (no ring)
MR     .....                    (no ring)
Stlth  +++.......               (no ring)
                                (no ring)
                                (no ring)
                                (no ring)

@: lethally poisoned (-2 -> -40), not resistant to hostile enchantments, fairly
stealthy
A: almost no armour, amphibious, 8 rings, constrict 8, camouflage 1, gelatinous
body 1
a: no special abilities


You were on level 1 of the Dungeon.
You were not hungry.

You visited 1 branch of the dungeon, and saw 1 of its levels.

You collected 75 gold pieces.

Inventory:

Hand Weapons
 d - a +0 hunting sling
Missiles
 k - 8 sling bullets
Scrolls
 c - a scroll of teleportation
 h - a scroll of immolation {unknown}
 j - a scroll of identify {unknown}
Books
 a - a Young Poisoner's Handbook

   Spells                             Type                      Level
   a - Sting                          Conjuration/Poison           1
   b - Cure Poison                    Poison                       2
   c - Mephitic Cloud                 Conjuration/Poison/Air       3
   d - Olgreb's Toxic Radiance        Poison                       4
   e - Venom Bolt                     Conjuration/Poison           5
 b - Qolakhly's Papyrus of Stones

   Spells                             Type                      Level
   a - Sandblast                      Earth                        1
   b - Passwall                       Transmutation/Earth          2
Comestibles
 f - a bread ration
 i - a fruit


   Skills:
 + Level 0.0 Slings
 + Level 0.4 Dodging
 + Level 2.1 Stealth
   Level 1.0 Shields
 - Level 2.0 Spellcasting
 + Level 0.8 Conjurations
   Level 2.0 Fire Magic
   Level 1.0 Air Magic
 * Level 3.7 Poison Magic


You had 4 spell levels left.
You knew the following spells:

 Your Spells              Type           Power        Failure   Level  Hunger
a - Sting                 Conj/Pois      #...         10%         1    #......


Dungeon Overview and Level Annotations

Branches:
Dungeon (1/15)

Altars:


Innate Abilities, Weirdness & Mutations

You cannot wear most types of armour.
You are amphibious.
You can wear up to eight rings at the same time.
You can use your tentacles to constrict eight enemies at once.
Your skin changes colour to match your surroundings (Stealth).
Your rubbery body absorbs attacks (AC +1).


Message History

The goblin hits you with a dagger of venom.
You are lethally poisoned!
Drink which item? (? for menu, Esc to quit)
It was a potion of degeneration.
There was something very wrong with that liquid.
You feel weakened.
You feel dopey.
You feel clumsy.
You feel sick. The goblin hits you but does no damage.
You are more poisoned.
You are now empty-tentacled.
You tentacle-slap the goblin. Your grab misses the goblin.
The goblin is moderately wounded.
You feel sick.
The goblin hits you with a dagger of venom.
* * * LOW HITPOINT WARNING * * *
You are more poisoned.
You closely miss the goblin. You grab the goblin. You constrict the goblin.
* * * LOW HITPOINT WARNING * * *
You feel very sick.
The goblin hits you with a dagger of venom.
You die...

..........>...# #.....
#############.####..#
.....# ##.........#
.###.#####..........###.#
.# #..........####......#
.# #######.........#####..
.# #....#.##.#####.#.
.#########..#.#.#..†....(..
............#.#.@g(#.#.#.#.
.#########).#.####...(.....
.# #... #(#.#.#.#. ## ...
.......... ...#.#.#)#. #
#.......... # h..
...#.#.#.#. ######## ..#
##........ ........ ...


You could see a goblin.

Vanquished Creatures
  A dart slug (D:1)
  A giant cockroach (D:1)
  A kobold (D:1)
  A ball python (D:1)
  A bat (D:1)
  2 goblins (D:1)
  A rat (D:1)
8 creatures vanquished.

Notes
Turn   | Place    | Note
--------------------------------------------------------------
     0 | D:1      | M4edhros the Octopode Wanderer began the quest for the Orb.
     0 | D:1      | M4edhros set off with: a Young Poisoner's Handbook, Qolakhly's Papyrus of Stones, a scroll of teleportation, a +0 club, a bread ration
     0 | D:1      | Reached XP level 1. HP: 11/11 MP: 3/3
     0 | D:1      | Identified Qolakhly's Papyrus of Stones
     2 | D:1      | Learned a level 1 spell: Sting
   423 | D:1      | Reached XP level 2. HP: 17/17 MP: 5/5
   442 | D:1      | Slain by a goblin

Vault maps used:
D:1:      dpeg_arrival_tiny_c, minivault_23, minivault_23, glass_columns_c

Skill      XL: |  1 |
---------------+----+-----
Stealth        | 2 |  2.1
Dodging        | |  0.4
Shields        | |  1.0
Spellcasting   | |  2.0
Conjurations   | |  0.8
Fire Magic     | |  2.0
Air Magic      | |  1.0
Poison Magic   | |  3.7

Action                   || total
-------------------------++-------
Melee: Unarmed           ||     7
       Club              ||     2
 Fire: Hunting sling     ||    17
  Use: Potion            ||     1
 Stab: Sleeping          ||     1
